Map: Deadwing LE

Players

vegeta - Winner!

  • Race: Terran Terran
  • League: Platinum
  • Spawn Location: 1:00

Trainbike

  • Race: Protoss Protoss
  • League: Diamond
  • Spawn Location: 7:00

VOD

Have the link to the VOD?

Description

Time

  • Played on: Jan. 30, 2016, 11:50 p.m.
  • Length: 15:52
Show
View Real Time Build Order
Export as new Build Order

vegeta Terran - Winner!

Build Orders: Reaper Expand, MMM Bio 

Get SALT Encoding   

  12  0:01  SCV  
  13  0:13  SCV  
  14  0:18  Supply Depot  
  14  0:26  SCV  
  15  0:39  SCV  
  15  0:41  Barracks  
  16  0:45  Refinery  
  16  0:52  SCV  
  17  1:04  SCV  
  18  1:16  SCV  
  19  1:31  Orbital Command  
  19  1:34  Reaper  
  20  1:47  Command Center  
  20  1:56  Supply Depot  
  20  1:58  SCV  
  21  2:07  Factory  
  21  2:12  Refinery  
  21  2:13  SCV  
  22  2:27  SCV  
  22  2:29  Barracks Reactor  
  23  2:39  SCV  
  24  2:46  Barracks  
  24  2:47  Barracks  
  24  2:51  SCV  
  25  3:03  SCV  
  25  3:04  Orbital Command  
  26  3:08  Bunker  
  26  3:14  Marine  
  26  3:15  SCV  
  26  3:18  Factory Reactor  
  28  3:27  SCV, Starport  
  28  3:31  SCV  
  30  3:39  SCV  
  30  3:40  Marine  
  30  3:41  Marine  
  33  3:43  SCV, Barracks Reactor, Barracks Tech Lab  
  34  4:09  Engineering Bay  
  33  4:11  Engineering Bay  
  33  4:12  Stimpack  
  33  4:20  SCV x2  
  33  4:22  Barracks  
  33  4:24  Medivac x2, Factory Reactor  
  37  4:26  Marine x2  
  37  4:27  Marine  
  42  4:32  SCV x2  
  44  4:44  SCV x2  
  46  4:46  Refinery  
  46  4:48  Refinery  
  46  4:51  Missile Turret  
  46  4:55  Missile Turret  
  46  5:06  Missile Turret  
  46  5:12  SCV x2, Marine x5  
  46  5:13  Supply Depot  
  53  5:15  Supply Depot  
  53  5:24  SCV  
  53  5:25  Supply Depot  
  53  5:28  Supply Depot  
  54  5:34  Marine x3  
  57  5:44  Barracks  
  57  5:46  SCV x2, Ghost Academy  
  57  5:47  Factory Tech Lab  
  59  5:51  Terran Infantry Weapons Level 1  
  59  5:52  Terran Infantry Armor Level 1  
  53  6:35  Command Center  
  53  6:42  Bunker  
  53  6:43  Marine x6, Marauder  
  53  6:46  Supply Depot  
  61  6:49  Supply Depot, Combat Shields  
  61  6:53  Concussive Shells  
  61  6:56  SCV  
  61  7:00  Marine  
  63  7:01  Marine x4, Medivac  
  63  7:04  Marauder  
  63  7:05  Medivac  
  73  7:12  Armory  
  73  7:26  SCV  
  73  7:27  SCV  
  75  7:33  Marine x2, Marauder  
  75  7:34  Marine x4  
  83  7:43  SCV  
  84  7:44  SCV  
  84  7:45  Barracks  
  84  7:48  Factory Reactor  
  84  7:50  Orbital Command  
  84  7:51  Marine x4  
  85  7:52  Marine x2, Missile Turret  
  91  8:03  Marine  
  92  8:07  Terran Infantry Weapons Level 2  
  92  8:08  Terran Infantry Armor Level 2  
  92  8:09  Marine x6  
  92  8:11  SCV  
  92  8:12  SCV  
  100  8:19  Marauder  
  102  8:21  Marine  
  102  8:23  SCV  
  102  8:26  Marine  
  105  8:27  Marine  
  105  8:30  Supply Depot x2  
  105  8:57  Marine x2, Marauder  
  105  8:58  Marine x5  
  112  9:07  SCV x2  
  114  9:10  SCV  
  114  9:11  Ghost Academy  
  114  9:15  Marine x4  
  114  9:16  Marine x3  
  122  9:18  Marine  
  122  9:19  SCV  
  122  9:24  SCV x2  
  126  9:31  SCV  
  126  9:33  Marine  
  126  9:35  Barracks  
  126  9:37  Barracks  
  128  9:53  Marine  
  128  9:54  Marine x2  
  133  10:01  Command Center  
  133  10:04  Marine x2  
  135  10:09  Ghost  
  135  10:10  Ghost  
  137  10:15  Marine x3  
  137  10:19  Supply Depot  
  137  10:20  Supply Depot  
  136  10:21  Supply Depot  
  136  10:23  Supply Depot  
  135  10:37  Ghost  
  121  10:47  Medivac x2  
  107  10:52  Marine, Marauder  
  107  10:53  Marine  
  99  11:08  Marine x3  
  99  11:09  Marine x4  
  99  11:10  Marine x2  
  102  11:13  Marine  
  102  11:17  Medivac x2  
  94  11:26  Marine x5  
  94  11:27  Marine x2  
  94  11:28  Marine  
  90  11:42  Ghost  
  92  11:47  Medivac  
  94  11:56  SCV  
  94  11:57  SCV  
  96  12:01  Orbital Command  
  96  12:06  Marine  
  96  12:07  Marine x5  
  89  12:27  SCV x2  
  91  12:42  Command Center  
  89  13:16  Marine  
  89  13:18  Ghost  
  89  13:19  Ghost  
  81  13:20  Marine x6  
  81  13:21  Marine  
  85  13:27  Barracks Reactor, Barracks Tech Lab  
  85  13:34  Marine  
  85  13:37  SCV x3, Marine  
  85  13:38  Marine x6  
  96  13:45  Medivac x2  
  96  13:47  Ghost  
  96  13:48  Marauder  
  104  13:49  SCV x3  
  104  13:52  Marine  
  104  13:55  Marine  
  109  13:56  Marine x6  
  109  14:00  Orbital Command  
  109  14:01  SCV x3  
  118  14:09  Marine  
  119  14:10  Marine  
  119  14:13  Marine  
  119  14:14  Marine  
  119  14:15  Ghost, Marauder  
  119  14:16  Marine  
  119  14:17  Marine x6  
  122  14:26  Ghost  
  122  14:28  Marine  
  122  14:31  Marine x2  
  108  14:34  Marine x3  
  108  14:35  Marine x4  
  108  14:37  Marauder  
  107  14:44  Marine  
  104  14:46  Marine  
  104  14:49  SCV x4, Marine x2  
  104  14:52  Marine x5  
  111  14:53  Marine x2  
  111  14:55  Marine  
  111  14:58  Marine  
  119  15:02  Marine  
  119  15:04  Marine  
  119  15:06  Marine  
  121  15:07  Marine  
  121  15:10  SCV x2  
  125  15:30  Refinery  
  125  15:31  Refinery  
  125  15:33  Command Center  
Show
View Real Time Build Order
Export as new Build Order

Trainbike Protoss 

Build Orders: 1 Gate Expand 

Get SALT Encoding   

  12  0:01  Probe (Chrono Boost)  
  13  0:12  Probe (Chrono Boost)  
  14  0:18  Pylon  
  14  0:23  Probe (Chrono Boost)  
  15  0:37  Gateway, Probe (Chrono Boost)  
  16  0:44  Assimilator  
  16  0:47  Probe (Chrono Boost)  
  17  0:58  Probe (Chrono Boost)  
  18  1:08  Probe (Chrono Boost)  
  19  1:22  Nexus  
  19  1:27  Probe (Chrono Boost)  
  20  1:39  Cybernetics Core  
  20  1:41  Probe (Chrono Boost)  
  21  1:49  Pylon  
  21  1:52  Probe (Chrono Boost)  
  22  1:54  Assimilator  
  22  2:05  Probe (Chrono Boost)  
  23  2:17  Mothership Core (Chrono Boost)  
  25  2:27  Adept  
  26  2:35  Warp Gate, Probe x2 (Chrono Boost)  
  28  2:45  Probe (Chrono Boost)  
  29  2:51  Pylon  
  29  2:56  Probe (Chrono Boost)  
  29  2:58  Adept  
  32  3:01  Probe (Chrono Boost)  
  33  3:06  Probe (Chrono Boost)  
  33  3:12  Probe (Chrono Boost)  
  35  3:16  Twilight Council  
  35  3:17  Probe (Chrono Boost)  
  36  3:22  Robotics Facility, Probe (Chrono Boost)  
  37  3:28  Probe (Chrono Boost)  
  37  3:34  Probe (Chrono Boost)  
  39  3:38  Probe (Chrono Boost)  
  40  3:44  Probe (Chrono Boost)  
  40  3:47  Gateway  
  41  3:49  Probe (Chrono Boost)  
  41  3:55  Gateway  
  42  4:07  Probe x2 (Chrono Boost)  
  44  4:12  Gateway  
  44  4:14  Pylon  
  44  4:17  Probe (Chrono Boost)  
  44  4:18  Probe (Chrono Boost)  
  44  4:19  Warp Prism  
  44  4:21  Resonating Glaives (Chrono Boost)  
  48  4:44  Nexus  
  48  4:46  Probe  
  48  4:47  Pylon  
  48  4:49  Pylon  
  48  4:50  Pylon  
  49  5:07  Adept  
  49  5:08  Adept  
  53  5:20  Probe  
  53  5:21  Probe  
  53  5:23  Assimilator  
  53  5:27  Assimilator  
  55  5:30  Probe  
  55  5:33  Probe  
  57  5:36  Templar Archives, Immortal  
  57  5:41  Probe  
  61  5:43  Pylon  
  61  5:45  Probe  
  63  5:51  Pylon, Probe  
  60  5:58  Probe  
  59  6:13  Probe  
  59  6:14  Probe x2  
  58  6:19  Warp Prism  
  58  6:23  Probe  
  58  6:24  Probe  
  61  6:26  Probe  
  61  6:29  Psionic Storm  
  63  6:34  Probe  
  63  6:35  Assimilator  
  63  6:38  Probe  
  63  6:39  Assimilator, Probe  
  66  6:44  Adept x4, Probe  
  75  6:49  Probe  
  75  6:50  Blink (Chrono Boost)  
  75  6:51  Probe  
  77  6:55  Immortal, Pylon, Probe  
  77  6:59  Probe  
  83  7:07  Adept x4  
  91  7:10  Probe  
  92  7:16  Probe  
  92  7:17  Probe  
  92  7:19  Forge  
  92  7:20  Forge  
  92  7:22  Probe  
  95  7:24  Pylon  
  95  7:26  Gateway x2  
  95  7:27  Probe  
  95  7:29  Gateway x2  
  96  7:34  Probe  
  98  7:39  High Templar  
  98  7:41  High Templar  
  98  7:42  High Templar x2  
  105  7:47  Immortal  
  105  7:50  Robotics Bay  
  109  7:56  Protoss Ground Weapons Level 1 (Chrono Boost)  
  109  7:57  Protoss Ground Armor Level 1 (Chrono Boost)  
  109  7:58  Robotics Facility  
  109  8:03  Archon  
  109  8:04  Archon  
  109  8:22  Adept x3  
  109  8:23  Adept  
  109  8:26  Probe  
  122  8:40  Pylon  
  119  8:42  Nexus, Pylon  
  119  8:44  Adept x2  
  119  8:45  Adept x4, Pylon  
  119  8:46  Adept  
  124  8:49  Immortal  
  127  9:03  High Templar  
  128  9:12  Photon Cannon, Probe  
  128  9:14  Photon Cannon  
  128  9:16  Probe  
  129  9:17  Probe  
  129  9:18  Photon Cannon  
  129  9:20  Photon Cannon  
  129  9:22  Pylon  
  132  9:24  Probe  
  132  9:29  Pylon  
  132  9:31  Pylon  
  132  9:35  Pylon  
  132  9:38  Nexus, Pylon  
  132  9:40  Pylon, Protoss Ground Weapons Level 2 (Chrono Boost)  
  132  9:41  Protoss Ground Armor Level 2 (Chrono Boost)  
  132  9:42  Immortal  
  136  9:50  Adept x7  
  136  9:51  Adept  
  124  11:00  Adept x3  
  124  11:01  Adept x5  
  134  11:08  Immortal  
  110  11:31  Adept x6  
  110  11:32  Adept x2  
  102  11:42  Probe  
  102  11:43  Probe  
  102  11:48  Immortal  
  102  11:49  Protoss Ground Weapons Level 3 (Chrono Boost), Protoss Ground Armor Level 3 (Chrono Boost)  
  102  11:52  Adept x5  
  102  11:53  Adept x3  
  122  12:11  Assimilator  
  118  12:16  Assimilator  
  118  12:20  Adept x8, Photon Cannon  
  118  12:22  Photon Cannon  
  118  12:36  Disruptor  
  121  12:38  Photon Cannon  
  121  12:42  Robotics Facility  
  121  12:46  Robotics Facility  
  121  12:47  Stalker x6  
  121  12:48  Stalker  
  135  12:58  Photon Cannon  
  135  13:00  Photon Cannon  
  135  13:03  Photon Cannon  
  121  13:19  Adept x8  
  133  13:38  Disruptor x2  
  133  13:39  Disruptor  
  100  14:35  Adept x5  
  100  14:36  Adept x2  
  79  14:56  Adept x7  
  79  14:57  Adept  
  82  15:14  Nexus  
  94  15:24  Nexus  
  94  15:26  Pylon  
  94  15:28  Pylon  
  92  15:36  Adept x3  
  92  15:37  Adept x2  
  92  15:42  Adept  
  76  15:46  Pylon  
Tags
 
Add a new tag
Caveats
  • Supply blocks, unpowered buildings, or Contaminate may cause inaccurate times.
  • Supply counts are checked every 10 seconds.